 Dungeon Crawl Stone Soup version 0.22-a0-398-g8bb545f (webtiles) character file.

504 iamserjio the Magician (level 6, 0/41 HPs)
             Began as a Mummy Fire Elementalist on May 5, 2018.
             Was an Initiate of Gozag.
             Killed from afar by Blork the orc (10 damage)
             ... with a magic dart
             ... on level 4 of the Dungeon.
             The game lasted 00:12:23 (6728 turns).

iamserjio the Magician (Mummy Fire Elementalist)    Turns: 6728, Time: 00:12:24

Health: 0/41       AC:  4    Str: 11    XL:     6   Next: 96%
Magic:  3/14       EV: 12    Int: 16    God:    Gozag
Gold:   346        SH:  0    Dex: 13    Spells: 8/16 levels left

rFire    x . .     SeeInvis .   o - +0 trident (flame)
rCold    + . .     Gourm    .   (no shield)
rNeg     + + +     Faith    .   a - +0 robe
rPois    ∞         Spirit   .   j - +1 hat
rElec    .         Reflect  .   (no cloak)
rCorr    .         Harm     .   (no gloves)
MR       .....                  g - +0 pair of boots
Stlth    ++........             (no amulet)
HPRegen  0.13/turn              (no ring)
MPRegen  0.14/turn              (no ring)

@: very slightly contaminated
A: no food or potions, fire vulnerability, cold resistance 1, negative energy
resistance 3, torment resistance, unbreathing
a: Potion Petition, Call Merchant, Bribe Branch, Renounce Religion


You were on level 4 of the Dungeon.
You worshipped Gozag.
Gozag was aware of your devotion.
You were not hungry.

You visited 1 branch of the dungeon, and saw 5 of its levels.

You collected 405 gold pieces.
You paid 59 gold pieces to Gozag.

Inventory:

Hand Weapons
 k - a +0 spear
 o - a +0 trident of flaming (weapon)
Missiles
 e - 8 poisoned javelins (quivered)
Armour
 a - a +0 robe (worn)
 g - a +0 pair of boots (worn)
 j - a +1 hat (worn)
Wands
 c - a wand of acid (10)
Scrolls
 b - 3 scrolls of teleportation
 h - 6 scrolls of remove curse
 l - 2 scrolls of enchant armour
 m - a scroll of fear
 n - a scroll of fog


   Skills:
 - Level 1.5 Dodging
 - Level 1.6 Stealth
 + Level 5.6 Spellcasting
 + Level 3.4 Conjurations
 + Level 4.2 Fire Magic


You had 8 spell levels left.
You knew the following spells:

 Your Spells              Type           Power        Failure   Level  Hunger
a - Flame Tongue          Conj/Fire      ###..        3%          1    N/A
b - Conjure Flame         Conj/Fire      ###.....     9%          3    N/A
c - Sticky Flame          Conj/Fire      ###.....     28%         4    N/A

Dungeon Overview and Level Annotations

Branches:
Dungeon (5/15)
 Temple: D:4-7

Altars:
Dithmenos
Gozag

Annotations:
D:4 Blork the orc


Innate Abilities, Weirdness & Mutations

You do not eat or drink.
Your flesh is vulnerable to fire.
You are immune to poison.
Your flesh is cold resistant. (rC+)
You are immune to negative energy. (rN+++)
You are immune to unholy pain and torment.
You can survive without breathing.


Message History

Blork the orc hits you with a short sword!
Blork the orc hits you with a short sword.
Casting: Sticky Flame (quite dangerous; 28% risk of failure)
Confirm with . or Enter, or press ? or * to list all spells.
You don't have enough magic to cast that spell.
You hit Blork the orc but do no damage.
Blork the orc is severely wounded.
Blork the orc burns!
Blork the orc stops burning.
Blork the orc casts a spell at you. The magic dart hits you!
Blork the orc points at you and mumbles some strange words.
The magic dart hits you!
* * * LOW HITPOINT WARNING * * *
Blork the orc gestures wildly while chanting.
Blork the orc flickers and vanishes!
Deactivating autopickup; reactivate with Ctrl-A.
A magic dart appears from out of thin air!
The magic dart hits you!
You die...
Your body crumbles into a pile of gold.

..%.......(.# #.
...<.######.# #.## #
....(....<#.# #..#.#
......#####.# #..#.
###......##.# ...
#......##.# #.# #
#....)....# #{# #
###......#########.#.##
................@.....#
#.################....#
#..# ##...# ##.# ...#
.# ...# .# ...# .# .$.#
## ...#


There were no monsters in sight!

Vanquished Creatures
  An ice beast (D:4)
  An ogre (D:4)
  A bullfrog zombie (D:3)
  A centaur skeleton (D:4)
  An orc wizard (D:4)
  A worker ant (D:4)
  13 adders
  A worm (D:3)
  A leopard gecko (D:2)
  9 orcs
  5 giant cockroaches
  7 goblins
  10 hobgoblins
  2 jackals (D:3)
  3 quokkas (D:2)
  3 ball pythons
  10 bats
  8 frilled lizards
  7 kobolds
  11 rats
96 creatures vanquished.

Notes
Turn   | Place    | Note
-------+----------+-------------------------------------------
     0 | D:1      | iamserjio the Mummy Fire Elementalist began the quest for the Orb.
     0 | D:1      | Reached XP level 1. HP: 13/13 MP: 4/4
   207 | D:1      | Reached skill level 1 in Conjurations
   328 | D:1      | Reached skill level 3 in Spellcasting
   375 | D:1      | Reached XP level 2. HP: 19/19 MP: 3/6
  1719 | D:2      | Reached XP level 3. HP: 24/24 MP: 4/7
  2115 | D:2      | Learned a level 3 spell: Conjure Flame
  2163 | D:2      | Reached XP level 4. HP: 29/30 MP: 5/9
  2660 | D:2      | Reached skill level 4 in Spellcasting
  3924 | D:3      | Learned a level 4 spell: Sticky Flame
  4097 | D:3      | Found a shadowy altar of Dithmenos.
  4156 | D:3      | Reached XP level 5. HP: 29/35 MP: 2/11
  4715 | D:3      | Found an opulent altar of Gozag.
  4773 | D:3      | Became a worshipper of Gozag Ym Sagoz the Greedy
  5596 | D:4      | Noticed an ice beast
  5628 | D:4      | Killed an ice beast
  5628 | D:4      | Reached skill level 5 in Spellcasting
  5628 | D:4      | Reached XP level 6. HP: 41/41 MP: 4/13
  6189 | D:5      | Entered Level 5 of the Dungeon
  6716 | D:4      | Noticed Blork the orc
  6728 | D:4      | Killed from afar by Blork the orc

Vault maps used:
D:1:      dpeg_arrival_ratfight
D:2:      minmay_nonomino_d4
D:3:      overflow_temple_1_default, first_ration,
          nicolae_gozag_cash_rules_everything_around_me
D:4:      okawaru_altar_gauntlet_db, kennysheep_potato, uniq_blork_the_orc
D:5:      enter_ossuary_1, lightli_sewer_entry_pipes, bloody_makhleb

Skill      XL: |  1  2  3  4  5  6 |
---------------+-------------------+-----
Conjurations   | 1 2 3 |  3.4
Spellcasting   | 3 4 5 |  5.6
Fire Magic     | 3 4 |  4.2
Dodging        | |  1.5
Stealth        | |  1.6

Action                   |  1- 3 |  4- 6 || total
-------------------------+-------+-------++-------
Melee: Unarmed           |     3 |       ||     3
       Club              |     1 |       ||     1
       Spear             |     3 |    30 ||    33
       Trident           |       |    36 ||    36
 Cast: Flame Tongue      |    57 |   130 ||   187
       Conjure Flame     |     1 |     5 ||     6
       Sticky Flame      |       |     5 ||     5
  Use: Scroll            |       |     7 ||     7
 Stab: Sleeping          |       |     1 ||     1
Armor: Robe              |    10 |    35 ||    45
Dodge: Dodged            |    20 |    85 ||   105

Table legend:
 A = Spawn XP
 B = Non-spawn XP
 C = Spawn XP percentage of total XP
 D = Spawn monster count
 E = Non-spawn monster count
 F = Spawn count percentage of total count
 G = Total turns spent on level
                    A         B        C        D         E        F      G
               +---------+---------+-------+---------+---------+-------+---------
         Total |       0 |     720 |   0.0 |       0 |      96 |   0.0 |  6728
               +---------+---------+-------+---------+---------+-------+---------
           D:1 |       0 |      37 |   0.0 |       0 |      27 |   0.0 |  1676
           D:2 |       0 |     129 |   0.0 |       0 |      34 |   0.0 |  2274
           D:3 |       0 |     140 |   0.0 |       0 |      25 |   0.0 |  1336
           D:4 |       0 |     414 |   0.0 |       0 |      10 |   0.0 |  1433
               +---------+---------+-------+---------+---------+-------+---------
